TOP OF THE 1ST |
Northville Eclipse batting - Pitching for Asheville Highlanders : RHP Manuel Sánchez
|
Pitching: RHP Manuel Sánchez
|
|
Batting: LHB Darrell Woodmansee
|
0-0: Ball 1-0: Called Strike 1-1: Swinging Strike 1-2: Strikes out looking
|
Batting: LHB Octávio Ontiveros
|
0-0: Ball 1-0: Foul Ball, location: 2F 1-1: Ball 2-1: Ball 3-1: Fly out, F8 (Flyball, 8LM)
|
Batting: RHB Cosmo Bjorkenheim
|
0-0: Swinging Strike 0-1: Called Strike 0-2: Ball 1-2: Ball 2-2: Ball 3-2: Strikes out looking
|
Top of the 1st over - 0 runs, 0 hits, 0 errors, 0 left on base; Northville 0 - Asheville 0 |
BOTTOM OF THE 1ST |
Asheville Highlanders batting - Pitching for Northville Eclipse : LHP Nobuhito Tanaka
|
Pitching: LHP Nobuhito Tanaka
|
|
Batting: RHB Mario Jacome
|
0-0: Foul Ball, location: 2F 0-1: Ground out U3 (Groundball, 3)
|
Batting: RHB Víctor Hernández
|
0-0: Ball 1-0: SINGLE (Groundball, 6MD)
|
Batting: RHB Esteban Olivo
|
0-0: Called Strike 0-1: Swinging Strike 0-2: Ball 1-2: Ball 2-2: Ball 3-2: Base on Balls Víctor Hernández to second
|
Batting: RHB Enrique Rocha
|
0-0: Ball 1-0: Ball 2-0: Ball 3-0: Base on Balls Víctor Hernández to third Esteban Olivo to second
|
Batting: RHB Asko Riikonen
|
0-0: Called Strike 0-1: SINGLE (Groundball, 25) (infield hit) Víctor Hernández scores Esteban Olivo to third Enrique Rocha to second
|
Batting: RHB Dan Parkinson
|
0-0: GRAND SLAM HOME RUN (Flyball, 7LD), Distance : 354 ft
|
Batting: RHB Marcos Rico
|
0-0: Ball 1-0: Called Strike 1-1: Ball 2-1: Foul Ball, location: 2F 2-2: Ball 3-2: Base on Balls
|
Batting: RHB Don Leach
|
0-0: Called Strike 0-1: Ball 1-1: Called Strike 1-2: Foul Ball, location: 2F 1-2: Ball 2-2: Strikes out looking
|
Batting: LHB Tomás Valenzuela
|
0-0: Swinging Strike 0-1: Ball 1-1: Foul Ball, location: 2F 1-2: Foul Ball, location: 2F 1-2: Strikes out looking
|
Bottom of the 1st over - 5 runs, 3 hits, 0 errors, 1 left on base; Northville 0 - Asheville 5 |
TOP OF THE 2ND |
Northville Eclipse batting - Pitching for Asheville Highlanders : RHP Manuel Sánchez
|
Batting: LHB Edgardo De Jesús
|
0-0: Ball 1-0: Ball 2-0: Called Strike 2-1: Ball 3-1: Base on Balls
|
Batting: RHB Augusto Rocha
|
0-0: Ball 1-0: SINGLE (Groundball, 6D) Edgardo De Jesús to second
|
Batting: RHB Alfonso Grappasonni
|
0-0: Ball Edgardo De Jesús steals 3rd base 1-0: Ball 2-0: Foul Ball, location: 2F 2-1: Fielders Choice at 2nd, 6-4 (Groundball, 56) Edgardo De Jesús scores
|
Batting: RHB Luis Guerrero
|
0-0: Ball 1-0: Swinging Strike 1-1: Ball 2-1: Called Strike 2-2: Ball 3-2: Fielders Choice at 2nd, 4-6 (Groundball, 4)
|
Batting: RHB Luis Hernández
|
0-0: Called Strike 0-1: Ball 1-1: Ball 2-1: Ball 3-1: Called Strike 3-2: Strikes out swinging
|
Top of the 2nd over - 1 run, 1 hit, 0 errors, 1 left on base; Northville 1 - Asheville 5 |
BOTTOM OF THE 2ND |
Asheville Highlanders batting - Pitching for Northville Eclipse : LHP Nobuhito Tanaka
|
Batting: RHB Mario Jacome
|
0-0: Ball 1-0: Ball 2-0: Fly out, F9 (Flyball, 9D)
|
Batting: RHB Víctor Hernández
|
0-0: Called Strike 0-1: Foul Ball, location: 2F 0-2: Ball 1-2: Ball 2-2: Foul Ball, location: 2F 2-2: Strikes out swinging
|
Batting: RHB Esteban Olivo
|
0-0: Reached on error, E1 (Groundball, 15S)
|
Batting: RHB Enrique Rocha
|
0-0: Foul Ball, location: 2F 0-1: Ball 1-1: Called Strike 1-2: Ball 2-2: Strikes out swinging
|
Bottom of the 2nd over - 0 runs, 0 hits, 1 error, 1 left on base; Northville 1 - Asheville 5 |
TOP OF THE 3RD |
Northville Eclipse batting - Pitching for Asheville Highlanders : RHP Manuel Sánchez
|
Batting: SHB Raúl Rodríguez
|
0-0: Called Strike 0-1: Ball 1-1: Fly out, F8 (Flyball, 8LXD)
|
Batting: LHB Darrell Woodmansee
|
0-0: Called Strike 0-1: Foul Ball, location: 2F 0-2: Strikes out swinging
|
Batting: LHB Octávio Ontiveros
|
0-0: Swinging Strike 0-1: Ball 1-1: Ball 2-1: Ball 3-1: Fly out, F7 (Flyball, 7LSF)
|
Top of the 3rd over - 0 runs, 0 hits, 0 errors, 0 left on base; Northville 1 - Asheville 5 |
BOTTOM OF THE 3RD |
Asheville Highlanders batting - Pitching for Northville Eclipse : LHP Nobuhito Tanaka
|
Batting: RHB Asko Riikonen
|
0-0: Ball 1-0: Ball 2-0: Ball 3-0: Called Strike 3-1: Ground out 6-3 (Groundball, 6)
|
Batting: RHB Dan Parkinson
|
0-0: Ball 1-0: Called Strike 1-1: Ball 2-1: Swinging Strike 2-2: Strikes out swinging
|
Batting: RHB Marcos Rico
|
0-0: Ball 1-0: Called Strike 1-1: Foul Ball, location: 2F 1-2: Foul Ball, location: 2F 1-2: Ball 2-2: Ball 3-2: Ground out 4-3 (Groundball, 4D)
|
Bottom of the 3rd over - 0 runs, 0 hits, 0 errors, 0 left on base; Northville 1 - Asheville 5 |
TOP OF THE 4TH |
Northville Eclipse batting - Pitching for Asheville Highlanders : RHP Manuel Sánchez
|
Batting: RHB Cosmo Bjorkenheim
|
0-0: Ball 1-0: Swinging Strike 1-1: Ground out 6-3 (Groundball, 56)
|
Batting: LHB Edgardo De Jesús
|
0-0: Swinging Strike 0-1: Swinging Strike 0-2: Ground out U3 (Groundball, 3L)
|
Batting: RHB Augusto Rocha
|
0-0: Foul Ball, location: 2F 0-1: Fly out, F7 (Flyball, 7S)
|
Top of the 4th over - 0 runs, 0 hits, 0 errors, 0 left on base; Northville 1 - Asheville 5 |
BOTTOM OF THE 4TH |
Asheville Highlanders batting - Pitching for Northville Eclipse : LHP Nobuhito Tanaka
|
Batting: RHB Don Leach
|
0-0: Ball 1-0: Ball 2-0: Ball 3-0: Base on Balls
|
Batting: LHB Tomás Valenzuela
|
0-0: Ball 1-0: Called Strike 1-1: Ball 2-1: Called Strike 2-2: Ball 3-2: Fly out, F3 (Line Drive, 34)
|
Batting: RHB Mario Jacome
|
0-0: Called Strike 0-1: Fly out, F7 (Flyball, 7)
|
Batting: RHB Víctor Hernández
|
0-0: Foul Ball, location: 2F 0-1: Swinging Strike 0-2: Ball 1-2: Ball 2-2: SINGLE (Line Drive, 56D) Don Leach to second
|
Batting: RHB Esteban Olivo
|
0-0: Ball 1-0: Foul Ball, location: 2F 1-1: Ball 2-1: Ball 3-1: Base on Balls Don Leach to third Víctor Hernández to second
|
Batting: RHB Enrique Rocha
|
0-0: Ball 1-0: Fly out, F3 (Popup, 23F)
|
Bottom of the 4th over - 0 runs, 1 hit, 0 errors, 3 left on base; Northville 1 - Asheville 5 |
TOP OF THE 5TH |
Northville Eclipse batting - Pitching for Asheville Highlanders : RHP Manuel Sánchez
|
Batting: RHB Alfonso Grappasonni
|
0-0: Foul Ball, location: 2F 0-1: Foul Ball, location: 2F 0-2: Ball 1-2: Ball 2-2: Strikes out swinging, 2-3 out at first.
|
Batting: RHB Luis Guerrero
|
0-0: Called Strike 0-1: DOUBLE (Groundball, 5L)
|
Batting: RHB Luis Hernández
|
0-0: Ball 1-0: Ball 2-0: Ball 3-0: Base on Balls
|
Batting: SHB Raúl Rodríguez
|
0-0: Fielders Choice at 2nd, 6-4 (Groundball, 6M) Luis Guerrero to third
|
Batting: LHB Darrell Woodmansee
|
0-0: Foul Ball, location: 2F 0-1: Called Strike 0-2: Ball 1-2: Strikes out swinging
|
Top of the 5th over - 0 runs, 1 hit, 0 errors, 2 left on base; Northville 1 - Asheville 5 |
BOTTOM OF THE 5TH |
Asheville Highlanders batting - Pitching for Northville Eclipse : LHP Nobuhito Tanaka
|
Batting: RHB Asko Riikonen
|
0-0: Ball 1-0: Foul Ball, location: 2F 1-1: Ball 2-1: Ball 3-1: Called Strike 3-2: Strikes out looking
|
Batting: RHB Dan Parkinson
|
0-0: Ball 1-0: Called Strike 1-1: Swinging Strike 1-2: Strikes out swinging
|
Batting: RHB Marcos Rico
|
0-0: Ground out 5-3 (Groundball, 5)
|
Bottom of the 5th over - 0 runs, 0 hits, 0 errors, 0 left on base; Northville 1 - Asheville 5 |
TOP OF THE 6TH |
Northville Eclipse batting - Pitching for Asheville Highlanders : RHP Manuel Sánchez
|
Batting: LHB Octávio Ontiveros
|
0-0: Ball 1-0: Called Strike 1-1: Swinging Strike 1-2: Strikes out looking
|
Batting: RHB Cosmo Bjorkenheim
|
0-0: Swinging Strike 0-1: Swinging Strike 0-2: Ball 1-2: Ground out 4-3 (Groundball, 4MD)
|
Batting: LHB Edgardo De Jesús
|
0-0: Called Strike 0-1: Swinging Strike 0-2: Ball 1-2: Ball 2-2: TRIPLE (Line Drive, 78D)
|
Batting: RHB Augusto Rocha
|
0-0: Foul Ball, location: 2F 0-1: Ball 1-1: Ball 2-1: Ball 3-1: Foul Ball, location: 2F 3-2: Ground out 6-3 (Groundball, 6)
|
Top of the 6th over - 0 runs, 1 hit, 0 errors, 1 left on base; Northville 1 - Asheville 5 |
BOTTOM OF THE 6TH |
Asheville Highlanders batting - Pitching for Northville Eclipse : LHP Nobuhito Tanaka
|
Batting: RHB Don Leach
|
0-0: Called Strike 0-1: Fly out, F1 (Line Drive, 13S)
|
Batting: LHB Tomás Valenzuela
|
0-0: Ball 1-0: Ball 2-0: Swinging Strike 2-1: Swinging Strike 2-2: Fly out, F7 (Flyball, 78S)
|
Batting: RHB Mario Jacome
|
0-0: Ball 1-0: Ball 2-0: Fly out, F4 (Popup, 34S)
|
Bottom of the 6th over - 0 runs, 0 hits, 0 errors, 0 left on base; Northville 1 - Asheville 5 |
TOP OF THE 7TH |
Northville Eclipse batting - Pitching for Asheville Highlanders : RHP Manuel Sánchez
|
Batting: RHB Alfonso Grappasonni
|
0-0: Called Strike 0-1: Ball 1-1: Ball 2-1: Swinging Strike 2-2: Ball 3-2: Foul Ball, location: 2F 3-2: Foul Ball, location: 2F 3-2: SINGLE (Line Drive, 6D)
|
Pitching: LHP Ordono Lima
|
|
Batting: RHB Luis Guerrero
|
0-0: SINGLE (Groundball, 6) (infield hit) Alfonso Grappasonni to second
|
Batting: RHB Luis Hernández
|
0-0: Ball Alfonso Grappasonni steals 3rd base 1-0: Ball 2-0: Foul Ball, location: 2F 2-1: Ball 3-1: Fly out, F7 (Flyball, 7S) Runner from 3rd tags up, SCORES, throw made
|
Batting: SHB Raúl Rodríguez
|
0-0: Called Strike 0-1: Swinging Strike 0-2: Ball 1-2: Strikes out swinging
|
Batting: LHB Darrell Woodmansee
|
0-0: Called Strike 0-1: Foul Ball, location: 2F 0-2: Ball 1-2: Ball 2-2: Ground out 4-3 (Groundball, 34)
|
Top of the 7th over - 1 run, 2 hits, 0 errors, 1 left on base; Northville 2 - Asheville 5 |
BOTTOM OF THE 7TH |
Asheville Highlanders batting - Pitching for Northville Eclipse : LHP Nobuhito Tanaka
|
Batting: RHB Víctor Hernández
|
0-0: Called Strike 0-1: Foul Ball, location: 2F 0-2: SINGLE (Groundball, 5D)
|
Pitching: RHP Will Sims
|
|
Batting: RHB Esteban Olivo
|
0-0: Ball 1-0: Fly out, F5 (Popup, 5F)
|
Batting: RHB Enrique Rocha
|
0-0: Ball 1-0: Called Strike Víctor Hernández steals 2nd base 1-1: Intentional Walk
|
Batting: RHB Asko Riikonen
|
0-0: Ball 1-0: Foul Ball, location: 2F 1-1: Ball 2-1: Foul Ball, location: 2F 2-2: Fly out, F9 (Flyball, 89XD) Runner from 2nd tags up, SAFE at 3rd, no throw
|
Batting: RHB Dan Parkinson
|
0-0: Ball 1-0: Swinging Strike 1-1: Foul Ball, location: 2F 1-2: Foul Ball, location: 2F 1-2: Ball 2-2: Foul Ball, location: 2F 2-2: Fly out, F9 (Flyball, 89S)
|
Bottom of the 7th over - 0 runs, 1 hit, 0 errors, 2 left on base; Northville 2 - Asheville 5 |
TOP OF THE 8TH |
Northville Eclipse batting - Pitching for Asheville Highlanders : LHP Ordono Lima
|
Batting: LHB Octávio Ontiveros
|
0-0: Ball 1-0: Called Strike 1-1: Foul Ball, location: 2F 1-2: Ball 2-2: Ground out 6-3 (Groundball, 6)
|
Batting: RHB Cosmo Bjorkenheim
|
0-0: Called Strike 0-1: Ground out 6-3 (Groundball, 6S)
|
Batting: LHB Edgardo De Jesús
|
0-0: Ball 1-0: Foul Ball, location: 2F 1-1: Ball 2-1: Ball 3-1: Foul Ball, location: 2F 3-2: Fly out, F8 (Line Drive, 8LD)
|
Top of the 8th over - 0 runs, 0 hits, 0 errors, 0 left on base; Northville 2 - Asheville 5 |
BOTTOM OF THE 8TH |
Asheville Highlanders batting - Pitching for Northville Eclipse : RHP Will Sims
|
Batting: RHB Marcos Rico
|
0-0: Ball 1-0: Ball 2-0: Ball 3-0: Base on Balls
|
Batting: RHB Don Leach
|
0-0: Ball Marcos Rico steals 2nd base 1-0: Foul Ball, location: 2F 1-1: Fly out, F8 (Flyball, 8LS)
|
Batting: LHB Tomás Valenzuela
|
0-0: Ball 1-0: Called Strike 1-1: Fly out, F6 (Line Drive, 6)
|
Batting: RHB Mario Jacome
|
0-0: Ball 1-0: SINGLE (Groundball, 6MD) Marcos Rico to third Runner from 3rd tries for Home, SAFE, throw made home Mario Jacome to second
|
Batting: RHB Víctor Hernández
|
0-0: Ball 1-0: Ball 2-0: Ball 3-0: Base on Balls
|
Batting: RHB Esteban Olivo
|
0-0: Ball 1-0: Called Strike 1-1: Ball 2-1: SINGLE (Line Drive, 34D) Mario Jacome to third Víctor Hernández to second Runner from 3rd tries for Home, SAFE, throw made home
|
Batting: RHB Enrique Rocha
|
0-0: Ball 1-0: Foul Ball, location: 2F 1-1: Foul Ball, location: 2F 1-2: Fly out, F8 (Flyball, 78XD)
|
Bottom of the 8th over - 2 runs, 2 hits, 0 errors, 2 left on base; Northville 2 - Asheville 7 |
TOP OF THE 9TH |
Northville Eclipse batting - Pitching for Asheville Highlanders : LHP Ordono Lima
|
Now at 3B: Gil Simmons
|
|
Now in LF: Ron Spence
|
|
Batting: RHB Augusto Rocha
|
0-0: Ball 1-0: Ground out 6-3 (Groundball, 6)
|
Batting: RHB Alfonso Grappasonni
|
0-0: Foul Ball, location: 2F 0-1: Ball 1-1: Swinging Strike 1-2: Strikes out swinging
|
Batting: RHB Luis Guerrero
|
0-0: Ground out 1-3 (Groundball, 13S)
|
Top of the 9th over - 0 runs, 0 hits, 0 errors, 0 left on base; Northville 2 - Asheville 7 |
|